 Dungeon Crawl Stone Soup version 0.15-a0-2193-g309c75d (console) character file.

7171 MrRokkomies the Basher (level 10, -5/73 HPs)
             Began as a White Draconian Warper on July 21, 2014.
             Was a Believer of the Shining One.
             Killed from afar by a deep elf mage (9 damage)
             ... with a lance of force
             ... on Level 9 of the Dungeon on July 22, 2014.
             The game lasted 01:36:28 (15927 turns).

MrRokkomies the Basher (White Draconian Warper)    Turns: 15927, Time: 01:36:28

HP  -5/73        AC  8     Str 14      XL: 10   Next: 86%
MP  16/16        EV 15     Int 15      God: the Shining One [**....]
Gold 434         SH 13     Dex 19      Spells:  6 memorised,  1 level left

rFire  . . .     SeeInvis .     a - +0 morningstar
rCold  + . .     Clarity  .     (armour unavailable)
rNeg   + . .     rCorr    .     m - +2 shield
rPois  .         rRot     .     (helmet restricted)
rElec  .         Spirit   .     n - +0 cloak
SustAb .         Warding  .     (no gloves)
rMut   .         Stasis   .     (no boots)
Gourm  .                        j - amulet of faith
MR     .....                    b - +5 ring of dexterity
                                A - ring of stealth

@: glowing, not resistant to hostile enchantments, very unstealthy
A: breathe frost, unfitting armour, agile 1, cold resistance 1, cold-blooded, AC
+7
a: Breathe Frost, Divine Shield, Renounce Religion


You were on level 9 of the Dungeon.
You worshipped the Shining One.
The Shining One was pleased with you.
You were very hungry.

You visited 2 branches of the dungeon, and saw 12 of its levels.
You also visited: Bailey.

You collected 586 gold pieces.
You spent 152 gold pieces at shops.

Inventory:

Hand weapons
 a - a +0 morningstar (weapon)
 o - a cursed +1 dagger of distortion
Missiles
 s - 69 stones (quivered)
 u - 2 tomahawks
Armour
 m - a +2 shield (worn)
 n - a +0 cloak (worn)
Magical devices
 d - a wand of slowing (13)
 i - a wand of digging (9)
 E - a wand of polymorph (9)
Comestibles
 f - 7 bread rations
 h - 3 meat rations
Scrolls
 g - 2 scrolls of remove curse
 k - a scroll of fog
Jewellery
 b - a +5 ring of dexterity (right hand)
 e - an uncursed ring of teleportation
 j - an amulet of faith (around neck)
 w - an uncursed amulet of stasis
 x - an uncursed ring of sustain abilities
 A - a ring of stealth (left hand)
 C - an uncursed ring of stealth
 D - an uncursed amulet of resist corrosion {unknown}
Potions
 q - a potion of brilliance
 v - a potion of porridge
 z - a potion of lignification {unknown}
 F - a potion of restore abilities
 I - a potion of degeneration {unknown}
Books
 c - a book of Spatial Translocations

   Spells                             Type                      Level
   *Apportation                       Translocation                1
   *Blink                             Translocation                2
   *Shroud of Golubria                Charms/Translocation         2
   *Portal Projectile                 Translocation                3
   Teleport Other                     Translocation                3
   Passage of Golubria                Translocation                4
 r - a book of Wizardry

   Spells                             Type                      Level
   Agony                              Necromancy                   5
   Force Lance                        Conjuration                  5
   Dispersal                          Translocation                6
   Haste                              Charms                       6
   Invisibility                       Hexes                        6
   Spellforged Servitor               Conjuration/Summoning        7
 y - a book of Air

   Spells                             Type                      Level
   Shock                              Conjuration/Air              1
   *Swiftness                         Charms/Air                   2
   *Repel Missiles                    Charms/Air                   2
   Flight                             Charms/Air                   3
   Static Discharge                   Conjuration/Air              3
   Lightning Bolt                     Conjuration/Air              5
 B - a book of Flames

   Spells                             Type                      Level
   Flame Tongue                       Conjuration/Fire             1
   Throw Flame                        Conjuration/Fire             2
   Conjure Flame                      Conjuration/Fire             3
   Inner Flame                        Hexes/Fire                   3
   Sticky Flame                       Conjuration/Fire             4
   Fireball                           Conjuration/Fire             5


   Skills:
 - Level 2.1 Fighting
 - Level 9.9 Maces & Flails
 - Level 8.0 Throwing
 + Level 5.1 Dodging
 + Level 9.3 Shields
 - Level 2.0 Spellcasting
 - Level 3.0 Translocations


You had one spell level left.
You knew the following spells:

 Your Spells              Type           Power        Failure   Level  Hunger
a - Apportation           Tloc           ##........   10%         1    #......
b - Blink                 Tloc           N/A          14%         2    ###....
c - Shroud of Golubria    Chrm/Tloc      #.........   24%         2    ###....
d - Portal Projectile     Tloc           ##....       24%         3    ####...
e - Repel Missiles        Chrm/Air       #.....       43%         2    ###....
f - Swiftness             Chrm/Air       #.......     43%         2    ###....


Dungeon Overview and Level Annotations

Branches:
Dungeon (11/15)            Temple (1/1) D:4
    Orc: D:9-12        Lair: D:8-11

Altars:
Ashenzari
Cheibriados
Dithmenos
Elyvilon
Fedhas
Gozag
Kikubaaqudgha
Makhleb
Nemelex Xobeh
Okawaru
Qazlal
Sif Muna
Trog
Vehumet
Xom
Yredelemnul
Zin
The Shining One

Shops:
D:6 (


Innate Abilities, Weirdness & Mutations

You can breathe waves of freezing cold.
You can buffet flying creatures when you breathe cold.
Your icy white scales are hard (AC +7).
Your body does not fit into most forms of armour.
Your flesh is cold resistant.
Your cold-blooded metabolism reacts poorly to cold.
You are agile. (Dex +2)


Message History

You see here a mace.
You see here a dagger.
You see here a glowing hand axe.
A deep elf mage comes into view. It is wielding a glowing cutlass.
The deep elf mage casts a spell.
The deep elf mage conjures a globe of magical energy!
The deep elf mage gestures at you while chanting.
The magic dart hits you!
* * * LOW HITPOINT WARNING * * *
The battlesphere fires!
The barrage of energy hits you!
* * * LOW HITPOINT WARNING * * *
The deep elf mage hits you but does no damage.
The deep elf mage gestures at you while chanting.
The magic dart hits you!
* * * LOW HITPOINT WARNING * * *
The battlesphere fires!
The barrage of energy hits you! The Shining One protects you from harm!
The deep elf mage points at you and mumbles some strange words.
The lance of force hits you!
You die...

##
################################.
.............>..@....C.........#.
..)....).........e...........#.._
#..#.....####(.(.(...........#.#.
#..#................*........#...
#..#.........................#...
#..#.........................#...
......................#####..#...
#############'#########...#.....)
.##..................##...#######


You could see a hill giant and a deep elf mage.

Vanquished Creatures
  Harold (D:10)
  Psyche (D:8)
  A troll (D:6)
  A spriggan (D:7)
  A deep elf mage (D:9)
  3 hungry ghosts
  4 orc warriors
  A water moccasin (D:10)
  A black bear (D:8)
  3 sky beasts
  A phantom (D:6)
  4 centaurs
  3 ice beasts
  A necrophage (D:9)
  2 ogres
  2 crocodiles
  4 giant frogs
  A big kobold (D:9)
  2 scorpions
  A yak skeleton (D:8)
  10 killer bees (D:9)
  6 wights (D:9)
  6 electric eels (D:7)
  4 crimson imps
  3 vampire bats (D:7)
  3 goliath beetles
  5 hounds
  9 orc priests
  A two-headed ogre zombie (D:10)
  A giant frog skeleton (D:10)
  3 jellies
  2 giant frog zombies
  6 orc wizards
  6 iguanas
  Natasha (thrice) (D:5)
  9 worker ants
  A hound zombie (D:6)
  4 sheep
  A mummy (D:10)
  2 worker ant zombies
  11 adders
  3 gnolls (D:7)
  2 shadow imps
  2 worms
  An adder zombie (D:6)
  An iguana zombie (D:6)
  An adder skeleton (D:6)
  2 oozes
  36 orcs
  A ball python (D:5)
  16 bats
  5 bat skeletons (D:7)
  9 giant cockroaches
  10 goblins
  13 hobgoblins
  15 jackals
  16 kobolds
  7 quokkas
  7 giant geckos
  7 giant newts
  A hobgoblin skeleton (D:5)
  An orc skeleton (D:6)
  An orc zombie (D:6)
  9 rats
  10 ballistomycetes (D:6)
310 creatures vanquished.

Vanquished Creatures (others)
  An ogre (D:5)
  3 worker ants (D:5)
  2 worms (D:5)
  2 kobolds (D:5)
  5 giant spores
13 creatures vanquished.

Grand Total: 323 creatures vanquished

Notes
Turn   | Place    | Note
--------------------------------------------------------------
     0 | D:1      | MrRokkomies, the Draconian Warper, began the quest for the Orb.
     0 | D:1      | Reached XP level 1. HP: 17/17 MP: 3/3
    59 | D:1      | Reached skill level 1 in Throwing
    90 | D:1      | Reached XP level 2. HP: 21/24 MP: 4/4
   570 | D:1      | Reached XP level 3. HP: 18/29 MP: 6/6
  1115 | D:1      | Learned a level 2 spell: Blink
  1118 | D:1      | Learned a level 2 spell: Shroud of Golubria
  1194 | D:2      | Found a radiant altar of Vehumet.
  1740 | D:2      | Reached XP level 4. HP: 26/36 MP: 7/7
  3049 | D:3      | Reached XP level 5. HP: 21/41 MP: 9/9
  3459 | D:3      | Learned a level 3 spell: Portal Projectile
  3543 | D:4      | Reached skill level 4 in Throwing
  4012 | D:4      | Found a staircase to the Ecumenical Temple.
  4066 | Temple   | Entered the Ecumenical Temple
  4168 | D:4      | Noticed an ogre
  4199 | D:4      | Killed an ogre
  4199 | D:4      | Reached XP level 6. HP: 48/48 MP: 10/10
  4788 | D:5      | Entered Level 5 of the Dungeon
  4876 | D:5      | Reached skill level 5 in Throwing
  5092 | D:5      | Your scales start taking on an icy white colour.
  5092 | D:5      | Gained mutation: Your flesh is cold resistant. [draconian maturity]
  5092 | D:5      | Reached XP level 7. HP: 38/55 MP: 12/12
  5288 | D:5      | Reached skill level 6 in Throwing
  5396 | D:5      | Found a shimmering altar of Xom.
  5405 | D:5      | Found an opulent altar of Gozag.
  5492 | D:5      | Reached skill level 5 in Maces & Flails
  6007 | D:5      | Noticed Natasha
  6016 | D:5      | Killed Natasha
  6357 | D:6      | Found a glowing silver altar of Zin.
  6431 | D:6      | Reached skill level 7 in Throwing
  6454 | D:6      | Reached XP level 8. HP: 51/61 MP: 13/13
  6622 | D:6      | Noticed a troll
  6647 | D:6      | Killed a troll
  6799 | D:5      | Noticed Natasha
  6808 | D:5      | Killed Natasha
  6812 | D:5      | Noticed Natasha
  6819 | D:5      | Killed Natasha
  6932 | D:6      | Reached skill level 8 in Throwing
  7022 | D:6      | Reached skill level 1 in Shields
  7607 | D:6      | Found Plog's Weapon Emporium.
  7629 | D:6      | Bought a +0 morningstar of pain for 120 gold pieces
  7629 | D:6      | Bought 2 javelins of returning for 32 gold pieces
  7732 | D:6      | Found a glowing golden altar of the Shining One.
  7871 | D:6      | Found a snail-covered altar of Cheibriados.
  7872 | D:6      | Found a burning altar of Makhleb.
  7879 | D:6      | Found an iron altar of Okawaru.
  8015 | D:6      | Became a worshipper of the Shining One
  8114 | D:6      | Reached XP level 9. HP: 67/67 MP: 14/14
  9036 | D:7      | Found a stormy altar of Qazlal.
  9446 | D:7      | Found a bloodstained altar of Trog.
  9583 | D:7      | Found an ancient bone altar of Kikubaaqudgha.
  9602 | D:7      | Acquired the Shining One's first power
  9708 | D:7      | Reached skill level 5 in Shields
 10787 | D:8      | Noticed Psyche
 10793 | D:8      | Killed Psyche
 10793 | D:8      | Reached skill level 9 in Maces & Flails
 10989 | D:8      | Found a sparkling altar of Nemelex Xobeh.
 11254 | D:8      | Reached XP level 10. HP: 65/73 MP: 16/16
 11626 | D:9      | Gained mutation: You are agile. (Dex +2) [potion of beneficial mutation]
 11751 | D:9      | Found a flagged portal.
 11762 | Bailey   | Entered a bailey
 11763 | Bailey   | Upgraded the game from 0.15-a0-2172-g9ff0d5b to 0.15-a0-2193-g309c75d
 12152 | Bailey   | Noticed braverobin's ghost (experienced MiMo)
 12520 | D:9      | Found a basalt altar of Yredelemnul.
 12675 | D:9      | Acquired the Shining One's second power
 13671 | D:9      | Learned a level 2 spell: Repel Missiles
 13674 | D:9      | Learned a level 2 spell: Swiftness
 13709 | D:10     | Entered Level 10 of the Dungeon
 13709 | D:10     | Noticed a hill giant
 14884 | D:10     | Noticed Harold
 14923 | D:10     | Killed Harold
 14923 | D:10     | Reached skill level 5 in Dodging
 15464 | D:11     | Noticed a cyclops
 15480 | D:10     | Noticed a hill giant
 15480 | D:10     | HP: 2/73 [hill giant/giant club (16)]
 15926 | D:9      | The Shining One protects you from harm!
 15927 | D:9      | Killed from afar by a deep elf mage

Action                   |  1- 3 |  4- 6 |  7- 9 | 10-12 || total
-------------------------+-------+-------+-------+-------++-------
Melee: Mace              |   153 |   101 |       |       ||   254
       Dagger            |       |    19 |    14 |       ||    33
       Flail             |       |   114 |   356 |   124 ||   594
       Morningstar       |       |       |    54 |   146 ||   200
       Unarmed           |       |       |     2 |       ||     2
       Spear             |       |       |       |     5 ||     5
 Fire: Blowgun           |       |     9 |    59 |       ||    68
Throw: Tomahawk          |     1 |    10 |    70 |    22 ||   103
       Stone             |    29 |   104 |   123 |   254 ||   510
       Javelin           |       |       |    14 |       ||    14
       Throwing net      |       |       |     2 |     1 ||     3
 Cast: Apportation       |       |       |       |    17 ||    17
       Blink             |       |       |       |     6 ||     6
       Shroud of Golubri |       |       |       |     2 ||     2
 Abil: Breathe Frost     |       |       |     9 |    18 ||    27
Evoke: Wand              |       |       |     2 |       ||     2
  Use: Scroll            |     2 |     5 |    13 |     4 ||    24
       Potion            |       |       |     5 |    10 ||    15
 Stab: Sleeping          |       |     2 |     2 |       ||     4
       Distracted        |       |       |     2 |       ||     2
  Eat: Chunk             |     3 |     6 |    14 |     6 ||    29
       Bread ration      |       |     1 |     2 |       ||     3
       Fruit             |       |       |       |     3 ||     3
       Meat ration       |       |       |       |     2 ||     2
       Beef jerky        |       |       |       |     2 ||     2
